 Dungeon Crawl Stone Soup version 0.22.0-1-g6561e4c (webtiles) character file.

350 Lew the Ducker (level 6, 0/43 HPs)
             Began as an Octopode Fighter on Aug 12, 2018.
             Slain by an ogre
             ... wielding a +0 giant spiked club
              (30 damage)
             ... on level 4 of the Dungeon.
             The game lasted 00:05:42 (2856 turns).

Lew the Ducker (Octopode Fighter)                   Turns: 2856, Time: 00:05:42

Health: 0/43       AC:  1    Str: 17    XL:     6   Next: 60%
Magic:  6/6        EV: 12    Int: 10    God:
Gold:   223        SH: 10    Dex: 12    Spells: 5/5 levels left

rFire    . . .     SeeInvis .   a - +0 trident
rCold    . . .     Gourm    .   b - +1 shield
rNeg     . . .     Faith    .   (helmet restricted)
rPois    .         Spirit   .   (no amulet)
rElec    .         Reflect  .   (no ring)
rCorr    .         Harm     .   (no ring)
MR       .....                  (no ring)
Stlth    +++.......             (no ring)
HPRegen  0.14/turn              (no ring)
MPRegen  0.10/turn              (no ring)
                                (no ring)
                                (no ring)

@: no status effects
A: almost no armour, stealthy swim, amphibious, 8 rings, constrict 8, camouflage
1, gelatinous body 1
a: no special abilities


You were on level 4 of the Dungeon.
You were not hungry.

You visited 1 branch of the dungeon, and saw 4 of its levels.

You collected 223 gold pieces.

Inventory:

Hand Weapons
 a - a +0 trident (weapon)
Armour
 b - a +1 shield (worn)
Scrolls
 f - 2 scrolls of fear
 i - 3 scrolls of remove curse
 k - 2 scrolls of identify
Potions
 c - 3 potions of might
 e - a potion of flight
 g - a potion of haste
 h - a potion of heal wounds
Comestibles
 d - 9 rations
 j - 4 chunks of flesh


   Skills:
 + Level 4.1 Fighting
 + Level 3.4 Polearms
 + Level 4.1 Dodging
 + Level 3.8 Stealth
 + Level 4.1 Shields


You had 5 spell levels left.
You didn't know any spells.
Your spell library contained the following spells:

 Spells                   Type           Power        Failure   Level  Hunger
 Confuse                  Hex            #.......     99%         3    ####...
 Confusing Touch          Hex            #.....       83%         1    ##.....
 Metabolic Englaciation   Hex/Ice        #.........   100%        5    ######.
 Petrify                  Tmut/Erth      #.......     100%        4    #####..
 Gell's Gravitas          Tloc           #.........   99%         3    ####...
 Yara's Violent Unravell  Hex/Tmut       #.........   100%        5    ######.


Dungeon Overview and Level Annotations

Branches:
Dungeon (4/15)
 Temple: D:4-7

Altars:
Wu Jian


Innate Abilities, Weirdness & Mutations

You cannot wear most types of armour.
You are very stealthy in the water. (Stealth+)
You are amphibious.
You can wear up to eight rings at the same time.
You can use your tentacles to constrict eight enemies at once.
Your skin changes colour to match your surroundings (Stealth+).
Your rubbery body absorbs attacks. (AC +1, EV +1)


Message History

An ogre is nearby!
Found 12 gold pieces and a ration.
A worker ant comes into view.
You hit the ogre.
The ogre is lightly wounded.
The ogre hits you with a giant spiked club!
You closely miss the ogre.
The ogre is lightly wounded.
The ogre barely misses you.
You puncture the ogre!
The ogre is heavily wounded.
Found a scroll of teleportation.
You barely miss the ogre. Your squeeze misses the ogre.
The ogre is heavily wounded.
You block the ogre's attack.
You hit the ogre. Your squeeze misses the ogre.
The ogre is heavily wounded.
The ogre hits you with a giant spiked club!!
Ouch! That really hurt!
You die...

...# #.#
#........#
...#
############.#
....
§§≈≈≈§§§≈#.#
###.#
.§...§§§§#.#
?§..§...≈#.#
§≈§≈≈...≈#.#
§§§§....≈#.#
.$§?..O.≈#.#
≈§8≈§§≈@.'.#
..≈.....§###
..≈(.!.(§#
≈≈§≈≈...≈#
a%).....≈#
........≈#
≈≈≈≈≈§§≈§#
##########


You could see an ogre and a worker ant (sleeping).

Vanquished Creatures
  An ogre (D:4)
  2 bullfrogs (D:4)
  An orc wizard (D:2)
  A worker ant (D:3)
  2 adders (D:2)
  An ooze (D:1)
  A worm (D:2)
  A dart slug (D:1)
  A leopard gecko (D:3)
  3 orcs
  7 bats
  5 giant cockroaches
  7 goblins
  9 hobgoblins
  7 jackals
  4 kobolds
  A quokka (D:2)
  3 frilled lizards
  4 rats
61 creatures vanquished.

Notes
Turn   | Place    | Note
-------+----------+-------------------------------------------
     0 | D:1      | Lew the Octopode Fighter began the quest for the Orb.
     0 | D:1      | Reached XP level 1. HP: 16/16 MP: 1/1
    58 | D:1      | Reached XP level 2. HP: 14/21 MP: 2/2
   211 | D:1      | Reached skill level 1 in Stealth
   865 | D:2      | Reached XP level 3. HP: 22/26 MP: 3/3
   905 | D:2      | Reached XP level 4. HP: 15/31 MP: 4/4
  1917 | D:3      | Reached XP level 5. HP: 24/36 MP: 5/5
  2480 | D:4      | Found an ornate altar of the Wu Jian Council.
  2584 | D:4      | Reached XP level 6. HP: 43/43 MP: 6/6
  2856 | D:4      | Slain by an ogre

Skill      XL: |  1  2  3  4  5 |
---------------+----------------+-----
Stealth        | 1 2 3 |  3.8
Polearms       | 3 |  3.4
Fighting       | 4 |  4.1
Dodging        | 4 |  4.1
Shields        | 4 |  4.1

Action                   |  1- 3 |  4- 6 || total
-------------------------+-------+-------++-------
Melee: Trident           |    48 |    87 ||   135
       Constrict         |     8 |    16 ||    24
       Tentacles         |     3 |    18 ||    21
  Use: Scroll            |     2 |     6 ||     8
       Potion            |     2 |     2 ||     4
 Stab: Sleeping          |     7 |    16 ||    23
  Eat: Chunk             |       |     6 ||     6
Armor: Skin              |     2 |     4 ||     6
Dodge: Dodged            |     9 |    26 ||    35
Block: Shield            |    12 |    26 ||    38
